 Dungeon Crawl Stone Soup version 0.21.1-1-g345015f (webtiles) character file.

437 tidbits the Grave Robber (level 7, -5/50 HPs)
             Began as a Gnoll Necromancer on June 25, 2018.
             Slain by a centaur (8 damage)
             ... on level 6 of the Dungeon.
             The game lasted 00:07:14 (922 turns).

tidbits the Grave Robber (Gnoll Necromancer)         Turns: 922, Time: 00:07:15

Health: -5/50      AC:  0    Str:  9 (10) XL:     7   Next: 1%
Magic:  0/15       EV: 15    Int: 16 (19) God:
Gold:   194        SH:  0    Dex: 15 (16) Spells: 8/16 levels left

rFire    . . .     SeeInvis .   b - +0 morningstar
rCold    . . .     Gourm    .   (no shield)
rNeg     + . .     Faith    .   (no armour)
rPois    .         Spirit   .   (no helmet)
rElec    .         Reflect  .   (no cloak)
rCorr    .         Harm     .   (no gloves)
MR       .....                  (no boots)
Stlth    +++.......             (no amulet)
HPRegen  0.16/turn              s - ring of positive energy
MPRegen  0.14/turn              (no ring)

@: no status effects
A: distributed training, fangs 1, strong nose
a: no special abilities


You were on level 6 of the Dungeon.
You were not hungry.

You visited 1 branch of the dungeon, and saw 7 of its levels.

You collected 194 gold pieces.

Inventory:

Hand Weapons
 a - a +0 dagger
 b - a +0 morningstar (weapon)
 g - a +0 shortbow
 h - a +0 whip
 r - a +0 hand crossbow
Missiles
 d - 61 arrows
 n - 4 tomahawks (quivered)
Armour
 k - a +0 robe
 p - a +0 ring mail
 t - a +0 leather armour of fire resistance
   (You took it off an orc on level 6 of the Dungeon)
Jewellery
 s - a ring of positive energy (left hand)
   (You found it on level 6 of the Dungeon)
Wands
 i - a wand of flame (40)
Scrolls
 f - a scroll of immolation
 l - a scroll of random uselessness
 o - a scroll of enchant weapon
Potions
 e - a potion of flight
 j - a potion of magic
Books
 m - a book of Necromancy

   Spells                             Type                      Level
   a - Pain                           Necromancy                   1
   b - Animate Skeleton               Necromancy                   1
   c - Vampiric Draining              Necromancy                   3
   d - Regeneration                   Charms/Necromancy            3
   e - Animate Dead                   Necromancy                   4
   f - Borgnjor's Vile Clutch         Necromancy/Earth             5
Comestibles
 c - 3 rations
 q - 3 chunks of flesh


   Skills:
 + Level 2.1 Fighting
 + Level 2.1 Short Blades
 + Level 2.1 Long Blades
 + Level 2.1 Axes
 + Level 2.1 Maces & Flails
 + Level 2.1 Polearms
 + Level 2.1 Staves
 + Level 2.1 Slings
 + Level 2.1 Bows
 + Level 2.1 Crossbows
 + Level 2.1 Throwing
 + Level 2.1 Armour
 + Level 5.1 Dodging
 + Level 4.7 Stealth
 + Level 2.1 Shields
 + Level 2.1 Unarmed Combat
 + Level 5.4 Spellcasting
 + Level 1.7 Conjurations
 + Level 1.7 Hexes
 + Level 1.7 Charms
 + Level 1.7 Summonings
 + Level 7.3 Necromancy
 + Level 1.7 Translocations
 + Level 1.7 Transmutations
 + Level 1.7 Fire Magic
 + Level 1.7 Ice Magic
 + Level 1.7 Air Magic
 + Level 1.7 Earth Magic
 + Level 1.7 Poison Magic
 + Level 2.4 Invocations
 + Level 2.1 Evocations


You had 8 spell levels left.
You knew the following spells:

 Your Spells              Type           Power        Failure   Level  Hunger
a - Pain                  Necr           ####         1%          1    None
d - Vampiric Draining     Necr           ####......   1%          3    ###....
n - Animate Skeleton      Necr           N/A          1%          1    None
r - Regeneration          Chrm/Necr      ###.......   7%          3    ###....


Dungeon Overview and Level Annotations

Branches:
Dungeon (7/15)
 Temple: D:4-7

Altars:

Shops:
D:4 (

Annotations:
D:3 Ijyb


Innate Abilities, Weirdness & Mutations

Your experience applies equally to all skills.
You have very sharp teeth.
Your uncanny sense of smell can sniff out nearby items.


Message History

Casting: Pain
Confirm with . or Enter, or press ? or * to list all spells.
Aiming: Pain
Press: ? - help, Shift-Dir - straight line, f - orc
Aim: an orc, wielding a trident and wearing a leather armour (chance to defeat MR: 93%)
The orc writhes in agony!
The orc misses you.
Casting: Pain
Confirm with . or Enter, or press ? or * to list all spells.
Aiming: Pain
Press: ? - help, Shift-Dir - straight line, f/p - orc
Aim: an orc, wielding a trident and wearing a leather armour (heavily wounded, chance to defeat MR: 93%)
The orc writhes in agony!
You kill the orc!
You puncture the orc!
You kill the orc!
Found a stone staircase leading down.
You see here a tomahawk.
n - 3 tomahawks (gained 1)
Items here: )) [ † a short sword; a whip; a ring mail; an orc corpse
p - a ring mail
There is a stone staircase leading down here.
Things that are here:
a trident; a leather armour You climb downwards.
There is a stone staircase leading up here.
Unknown command.
Found 6 gold pieces.
There is a stone staircase leading up here.
You climb upwards.
There is a stone staircase leading down here.
Things that are here:
a leather armour; a trident Unknown command.
Found a short sword.
Found 17 stones.
Things that are here:
a runed leather armour; a tomahawk
n - 4 tomahawks (gained 1);
t - a runed leather armour Wear which item? (? for menu, Esc to quit)
You start removing your armour.
You continue taking off your +0 robe. x2
Keep disrobing?
You continue taking off your +0 robe. x2
You finish taking off your +0 robe.
Unknown command.
Casting: Pain
Confirm with . or Enter, or press ? or * to list all spells.
Aiming: Pain
Press: ? - help, Shift-Dir - straight line, f - centaur
Aim: a centaur, wearing a robe (hasn't noticed you, chance to defeat MR: 84%)
The centaur shouts!
The centaur writhes in agony!
The centaur wields a shortbow.
The centaur shoots an arrow.
The arrow closely misses you.
Casting: Pain
Confirm with . or Enter, or press ? or * to list all spells.
Aiming: Pain
Press: ? - help, Shift-Dir - straight line, f/p - centaur
Aim: a centaur, wielding a shortbow and wearing a robe (lightly wounded, chance to defeat MR: 84%)
The centaur writhes in agony!
The centaur shoots an arrow.
The arrow hits you!
* * * LOW HITPOINT WARNING * * *
Casting: Pain
Confirm with . or Enter, or press ? or * to list all spells.
Aiming: Pain
Press: ? - help, Shift-Dir - straight line, f/p - centaur
Aim: a centaur, wielding a shortbow and wearing a robe (lightly wounded, chance to defeat MR: 84%)
The centaur writhes in agony!
The centaur shoots an arrow.
The arrow closely misses you.
The centaur shoots an arrow.
The arrow closely misses you.
Casting: Pain
Confirm with . or Enter, or press ? or * to list all spells.
Aiming: Pain
Press: ? - help, Shift-Dir - straight line, f/p - centaur
Aim: a centaur, wielding a shortbow and wearing a robe (lightly wounded, chance to defeat MR: 84%)
The centaur barely resists.
Casting: Pain
Confirm with . or Enter, or press ? or * to list all spells.
You don't have enough magic to cast that spell.
Okay, then.
The centaur shoots an arrow.
The arrow barely misses you.
The centaur unwields an uncursed shortbow.
The centaur misses you.
You hit the centaur.
The centaur is moderately wounded.
The centaur hits you!
* * * LOW HITPOINT WARNING * * *
The centaur closely misses you.
You hit the centaur but do no damage.
The centaur is moderately wounded.
The centaur closely misses you. The centaur barely misses you.
Casting: Pain
Confirm with . or Enter, or press ? or * to list all spells.
Aiming: Pain
Press: ? - help, Shift-Dir - straight line, f/p - centaur
Aim: a centaur, wearing a robe (moderately wounded, chance to defeat MR: 84%)
The centaur barely resists.
The centaur closely misses you. The centaur barely misses you.
You barely miss the centaur.
The centaur is moderately wounded.
The centaur hits you!
You die...

#........##........
#......###.............
#.#....##..............
#.#.....<.#............
##.#....##.........$....
<..#.......#.......[....
#####................. ###
#.#.........c..# ..
........##).(@..##
.####....#....>##...#
.##........#......(.###
......###..........>..#
......# #......#...(#..#
......# #......#...(...#
......###......##........
.......#######.##.........
.......# #............


You could see a centaur.

Vanquished Creatures
  An ogre (D:6)
  A centaur (D:6)
  A scorpion (D:4)
  A howler monkey (D:5)
  A hound (D:4)
  3 worker ants
  4 adders (D:6)
  An ooze (D:4)
  A worm (D:4)
  3 dart slugs
  A leopard gecko (D:5)
  9 orcs
  A goblin (D:1)
  A hobgoblin (D:1)
  A quokka (D:4)
  3 bats
  4 rats
37 creatures vanquished.

Notes
Turn   | Place    | Note
-------+----------+-------------------------------------------
     0 | D:1      | tidbits the Gnoll Necromancer began the quest for the Orb.
     0 | D:1      | Reached XP level 1. HP: 13/13 MP: 6/6
   225 | D:1      | Reached XP level 2. HP: 19/19 MP: 5/7
   228 | D:1      | Learned a level 1 spell: Animate Skeleton
   372 | D:3      | Noticed a necrophage
   387 | D:3      | Noticed Ijyb
   411 | D:4      | Reached skill level 5 in Spellcasting
   411 | D:4      | Reached skill level 1 in Invocations
   411 | D:4      | Reached XP level 3. HP: 18/25 MP: 0/9
   454 | D:4      | Found Emuamonu's Antique Weapon Shoppe.
   458 | D:4      | Noticed a scorpion
   466 | D:4      | Reached skill level 1 in Fighting
   466 | D:4      | Reached skill level 1 in Short Blades
   466 | D:4      | Reached skill level 1 in Long Blades
   466 | D:4      | Reached skill level 1 in Axes
   466 | D:4      | Reached skill level 1 in Maces & Flails
   466 | D:4      | Reached skill level 1 in Polearms
   466 | D:4      | Reached skill level 1 in Staves
   466 | D:4      | Reached skill level 1 in Slings
   466 | D:4      | Reached skill level 1 in Bows
   466 | D:4      | Reached skill level 1 in Crossbows
   466 | D:4      | Reached skill level 1 in Throwing
   466 | D:4      | Reached skill level 1 in Armour
   466 | D:4      | Reached skill level 1 in Shields
   466 | D:4      | Reached skill level 1 in Unarmed Combat
   466 | D:4      | Reached skill level 1 in Evocations
   519 | D:4      | Killed a scorpion
   519 | D:4      | Reached skill level 1 in Conjurations
   519 | D:4      | Reached skill level 1 in Hexes
   519 | D:4      | Reached skill level 1 in Charms
   519 | D:4      | Reached skill level 1 in Summonings
   519 | D:4      | Reached skill level 1 in Translocations
   519 | D:4      | Reached skill level 1 in Transmutations
   519 | D:4      | Reached skill level 1 in Fire Magic
   519 | D:4      | Reached skill level 1 in Ice Magic
   519 | D:4      | Reached skill level 1 in Air Magic
   519 | D:4      | Reached skill level 1 in Earth Magic
   519 | D:4      | Reached skill level 1 in Poison Magic
   519 | D:4      | Reached XP level 4. HP: 12/32 MP: 0/11
   538 | D:4      | Learned a level 3 spell: Vampiric Draining
   542 | D:4      | Learned a level 3 spell: Regeneration
   566 | D:4      | Reached XP level 5. HP: 18/37 MP: 6/12
   598 | D:4      | Noticed a phantom
   668 | D:5      | Entered Level 5 of the Dungeon
   736 | D:5      | Reached XP level 6. HP: 35/44 MP: 7/13
   785 | D:6      | Reached skill level 5 in Dodging
   785 | D:6      | Reached skill level 2 in Invocations
   791 | D:6      | Reached skill level 2 in Fighting
   791 | D:6      | Reached skill level 2 in Short Blades
   791 | D:6      | Reached skill level 2 in Long Blades
   791 | D:6      | Reached skill level 2 in Axes
   791 | D:6      | Reached skill level 2 in Maces & Flails
   791 | D:6      | Reached skill level 2 in Polearms
   791 | D:6      | Reached skill level 2 in Staves
   791 | D:6      | Reached skill level 2 in Slings
   791 | D:6      | Reached skill level 2 in Bows
   791 | D:6      | Reached skill level 2 in Crossbows
   791 | D:6      | Reached skill level 2 in Throwing
   791 | D:6      | Reached skill level 2 in Armour
   791 | D:6      | Reached skill level 2 in Shields
   791 | D:6      | Reached skill level 2 in Unarmed Combat
   791 | D:6      | Reached skill level 2 in Evocations
   886 | D:6      | Reached XP level 7. HP: 27/50 MP: 2/15
   919 | D:6      | HP: 4/50 [centaur (7)]
   922 | D:6      | Slain by a centaur

Skill      XL: |  1  2  3  4  5  6 |
---------------+-------------------+-----
Spellcasting   | 5 |  5.4
Invocations    | 1 2 |  2.4
Fighting       | 1 2 |  2.1
Short Blades   | 1 2 |  2.1
Long Blades    | 1 2 |  2.1
Axes           | 1 2 |  2.1
Maces & Flails | 1 2 |  2.1
Polearms       | 1 2 |  2.1
Staves         | 1 2 |  2.1
Slings         | 1 2 |  2.1
Bows           | 1 2 |  2.1
Crossbows      | 1 2 |  2.1
Throwing       | 1 2 |  2.1
Armour         | 1 2 |  2.1
Shields        | 1 2 |  2.1
Unarmed Combat | 1 2 |  2.1
Evocations     | 1 2 |  2.1
Conjurations   | 1 |  1.7
Hexes          | 1 |  1.7
Charms         | 1 |  1.7
Summonings     | 1 |  1.7
Translocations | 1 |  1.7
Transmutations | 1 |  1.7
Fire Magic     | 1 |  1.7
Ice Magic      | 1 |  1.7
Air Magic      | 1 |  1.7
Earth Magic    | 1 |  1.7
Poison Magic   | 1 |  1.7
Dodging        | 5 |  5.1
Stealth        | |  4.7
Necromancy     | |  7.3

Action                   |  1- 3 |  4- 6 |  7- 9 || total
-------------------------+-------+-------+-------++-------
Melee: Unarmed           |    13 |       |       ||    13
       Bite              |     4 |     3 |       ||     7
       Dagger            |       |     4 |       ||     4
       Morningstar       |       |     6 |     4 ||    10
 Cast: Pain              |    35 |    30 |     8 ||    73
       Regeneration      |       |     3 |       ||     3
       Vampiric Draining |       |     2 |       ||     2
  Use: Scroll            |     4 |     2 |       ||     6
       Potion            |     2 |     1 |       ||     3
 Stab: Sleeping          |     2 |     5 |       ||     7
Armor: Robe              |       |     2 |       ||     2
Dodge: Dodged            |    29 |    19 |    11 ||    59

Table legend:
 A = Turns spent in this place as a percentage of turns spent in the entire game.
 B = Non-inter-level travel turns spent in this place as a percentage of non-inter-level travel turns spent in the entire game.
 C = Inter-level travel turns spent in this place as a percentage of turns spent in this place.
 D = Turns resting spent in this place as a percentage of non-inter-level travel turns spent in this place.
 E = Turns spent auto-exploring this place as a percentage of non-inter-level travel turns spent in this place.
 F = Non-inter-level travel turns spent in this place divided by the number of levels of this place that you've seen.
                   A       B       C       D       E      F
               +-------+-------+-------+-------+-------+----------------------
         Total | 100.0 | 100.0 |   4.4 |   0.0 |   0.0 | 125.9
       Dungeon | 100.0 | 100.0 |   4.4 |   0.0 |   0.0 | 125.9
               +-------+-------+-------+-------+-------+----------------------

Table legend:
 A = Kills in this place as a percentage of kills in entire the game.
 B = Kills by you in this place as a percentage of kills by you in the entire game.
 C = Kills by friends in this place as a percentage of kills by friends in the entire game.
 D = Other kills in this place as a percentage of other kills in the entire game.
 E = Experience gained in this place as a percentage of experience gained in the entire game.
 F = Experience gained in this place divided by the number of levels of this place that you have seen.
                   A       B       C       D       E      F
               +-------+-------+-------+-------+-------+----------------------
         Total | 100.0 | 100.0 |   N/A |   N/A | 100.0 |  89.3
       Dungeon | 100.0 | 100.0 |   N/A |   N/A | 100.0 |  89.3
               +-------+-------+-------+-------+-------+----------------------

Vault maps used:
D:1:      onia_arrival_mini_spirals
D:2:      first_ration
D:3:      marbit_many_paths, uniq_ijyb, uniq_crazy_yiuf_cottage, uniq_sigmund,
          uniq_natasha
D:4:      serial_shops, shop, brannock_xom_greatest_gift
D:5:      kennysheep_generic_room_4, uniq_grinder
D:6:      zin_scriptorium, minmay_temple_entry_glass
